AoeStats
← Mknolix

Arena

509983377Analyzed
4v4 RM · 5d ago on Sep 28, 2026· 50m 44s· 8 players
Game mode
Random Map
Map size
Large (8 player)
Population
200
Speed
Normal
Resources
Standard
Victory
Conquest
Starting age
Dark Age
Ending age
Imperial Age
RankedLock teamsTeams togetherTeam positionsShared explorationLock speedFull tech treeHidden civsTurbo modeCheats
Victory
Defeat
🇦🇷 Danes · Argentina
1125
+9
🇦🇷 Mongols · Argentina
1115
+9
🇲🇽 Persians · Mexico
1107
+10
🇦🇷 Celts · Argentina
936
+16
🇩🇪 Bohemians · Germany
1006
-13
🇺🇸 Saracens · United States
966
-11
🇨🇳 Huns · China
955
-11
🇺🇸 Britons · United States
910
-9
RedEyeJedi4918
13:04 Feudal Age
17:27 Castle Age
15:33 Horse Collar
15:43 Double-Bit Axe
15:55 Stone Mining
15:56 Gold Mining
20:17 Wheelbarrow
22:33 Heavy Plow
25:05 Fletching
25:28 Forging
26:30 Hand Cart
26:44 Ballistics
26:54 Scale Barding Armor
27:37 Iron Casting
28:42 Bow Saw
31:28 Imperial Age
30:45 Chain Barding Armor
30:31 Husbandry
30:41 Bloodlines
33:54 Blast Furnace
33:30 Plate Barding Armor
32:26 Elite Mameluke
33:28 Conscription
shabolobodingdong
7:51 Loom
10:11 Feudal Age
15:49 Castle Age
17:02 Double-Bit Axe
18:50 Stone Mining
18:51 Horse Collar
20:37 Gold Mining
21:03 Bow Saw
25:49 Wheelbarrow
25:57 Heavy Plow
30:03 Imperial Age
28:03 Treadmill Crane
28:21 Fletching
28:32 Padded Archer Armor
30:29 Bodkin Arrow
30:50 Leather Archer Armor
30:05 Elite Skirmisher
31:21 Hand Cart
31:12 Bracer
31:38 Ballistics
32:27 Chemistry
32:35 Conscription
33:10 Yeomen
33:32 Ring Archer Armor
34:31 Two-Man Saw
34:13 Gold Shaft Mining
35:16 Murder Holes
35:52 Elite Longbowman
38:12 Masonry
37:27 Pikeman
39:00 Halberdier
39:28 Gambesons
39:29 Arson
39:47 Squires
40:54 Onager
Hrakiir
10:20 Feudal Age
14:23 Castle Age
12:30 Horse Collar
14:38 Loom
14:44 Double-Bit Axe
15:16 Town Watch
26:12 Bow Saw
26:04 Heavy Plow
28:19 Chemistry
31:22 Imperial Age
30:37 Murder Holes
37:02 Siege Engineers
40:03 Houfnice
44:26 Pikeman
45:07 Squires
45:45 Wheelbarrow
45:14 Scale Mail Armor
45:15 Padded Archer Armor
47:56 Chain Mail Armor
卢本伟
10:13 Feudal Age
14:25 Castle Age
13:18 Stone Mining
13:21 Horse Collar
15:14 Heavy Plow
22:24 Wheelbarrow
22:00 Double-Bit Axe
29:08 Imperial Age
27:14 Hand Cart
27:00 Gold Mining
28:15 Marauders
28:40 Bow Saw
29:53 Gold Shaft Mining
29:46 Scale Barding Armor
29:52 Forging
30:03 Bloodlines
29:53 Husbandry
29:24 Elite Tarkan
30:56 Light Cavalry
32:05 Chain Barding Armor
32:20 Iron Casting
33:21 Plate Barding Armor
33:37 Scale Mail Armor
33:44 Scale Mail Armor
eduhaas
10:36 Feudal Age
14:14 Castle Age
12:46 Double-Bit Axe
13:31 Horse Collar
19:59 Bow Saw
21:53 Loom
22:21 Heavy Plow
22:46 Gold Mining
26:23 Gold Shaft Mining
28:35 Imperial Age
27:08 Wheelbarrow
26:18 Town Watch
27:53 Ballistics
27:40 Scale Mail Armor
27:47 Scale Barding Armor
27:53 Forging
28:20 Hand Cart
28:06 Town Patrol
28:01 Stone Mining
29:19 Conscription
30:24 Chemistry
30:56 Two-Man Saw
29:55 Elite War Elephant
31:08 Fervor
31:53 Stone Shaft Mining
34:13 Iron Casting
33:59 Chain Barding Armor
36:25 Blast Furnace
42:21 Husbandry
42:32 Bloodlines
44:51 Kamandaran
45:11 Scale Mail Armor
45:47 Plate Barding Armor
45:04 Fletching
45:15 Padded Archer Armor
45:48 Crossbowman
46:33 Thumb Ring
50:01 Bodkin Arrow
50:21 Leather Archer Armor
SINAPODO
10:01 Feudal Age
11:18 Double-Bit Axe
11:14 Horse Collar
18:51 Castle Age
18:49 Man-at-Arms
19:49 Squires
20:15 Long Swordsman
21:33 Scale Mail Armor
21:43 Forging
25:26 Chain Mail Armor
25:33 Heavy Plow
26:13 Bow Saw
27:14 Iron Casting
27:11 Loom
30:11 Town Watch
30:31 Hamask
32:17 Wheelbarrow
36:26 Imperial Age
34:48 Hand Cart
34:33 Town Patrol
34:56 Padded Archer Armor
35:05 Elite Skirmisher
35:56 Fletching
36:21 Leather Archer Armor
36:01 Arson
37:03 Bodkin Arrow
37:41 Plate Mail Armor
38:11 Blast Furnace
37:49 Ballistics
38:34 Chemistry
40:48 Bracer
41:20 Ring Archer Armor
44:18 Conscription
44:38 Elite Jomsviking
45:54 Capped Ram
46:40 Siege Ram
Mknolix
9:37 Feudal Age
14:22 Castle Age
12:09 Loom
12:48 Double-Bit Axe
14:52 Wheelbarrow
14:38 Pikeman
20:41 Scale Mail Armor
22:23 Horse Collar
24:02 Bow Saw
24:19 Chain Mail Armor
25:05 Fletching
29:54 Imperial Age
27:30 Gold Mining
28:31 Hand Cart
28:31 Forging
29:17 Husbandry
29:28 Bloodlines
29:24 Scale Barding Armor
30:31 Chain Barding Armor
30:02 Heavy Camel Rider
30:20 Capped Ram
32:21 Iron Casting
32:36 Conscription
33:03 Siege Engineers
33:23 Heavy Plow
34:48 Siege Ram
35:09 Cavalier
37:24 Masonry
37:42 Drill
42:43 Blast Furnace
42:35 Onager
45:01 Siege Onager
48:16 Chemistry
tomaslarias
10:57 Feudal Age
11:57 Double-Bit Axe
13:05 Gold Mining
17:26 Loom
19:43 Castle Age
18:42 Stone Mining
24:57 Imperial Age
23:21 Scale Mail Armor
29:55 Gambesons
35:38 Wheelbarrow
34:49 Town Watch
40:04 Hand Cart
Connection lost

Rejoining the realm…

Still unreachable

The connection could not be restored.

Session expired

The server has moved on; the page needs a fresh start.